 Dungeon Crawl Stone Soup version 0.28.0 (webtiles) character file.

Game seed: 16875405558112384759

1180 themarg the Covered (level 8, -5/71 HPs)
             Began as a Minotaur Monk on Feb 8, 2022.
             Slain by Duvessa (11 damage)
             ... on level 5 of the Dungeon.
             The game lasted 00:40:28 (7136 turns).

themarg the Covered (Minotaur Monk)                 Turns: 7136, Time: 00:40:28

Health: -5/71      AC:  9    Str: 16    XL:     8   Next: 18%
Magic:  7/7        EV: 13    Int:  7    God:
Gold:   184        SH:  0    Dex: 15    Spells: 7/7 levels left

rFire   + + .      SeeInvis .   a - +0 spear
rCold   . . .      Faith    .   (no shield)
rNeg    . . .      Spirit   .   h - +0 ring mail {rF+}
rPois   .          Reflect  .   (helmet restricted)
rElec   .          Harm     .   (no cloak)
rCorr   .          Rampage  .   b - +2 pair of gloves
Will    .....                   (no boots)
Stlth   +.........              (no amulet)
HPRegen 0.21/turn               m - ring of protection from fire
MPRegen 0.10/turn               (no ring)

@: invisible
A: horns 2, retaliatory headbutt
a: no special abilities


You were on level 5 of the Dungeon.
You visited 1 branch of the dungeon, and saw 5 of its levels.

You collected 184 gold pieces.

Inventory:

Hand Weapons
 a - a +0 spear (weapon)
 c - a +0 dagger of venom
Missiles
 i - 2 atropa-tipped darts
 p - 25 stones (quivered)
Armour
 b - a +2 pair of gloves (worn)
 h - a +0 ring mail of fire resistance (worn)
Jewellery
 m - a ring of protection from fire (left hand)
 r - an amulet of guardian spirit
Scrolls
 e - a scroll of fog
 k - a scroll of fear {unknown}
 s - a scroll of amnesia {unknown}
 t - a scroll of immolation {unknown}
 u - a scroll of enchant armour {unknown}
Potions
 g - a potion of attraction
 n - a potion of degeneration


   Skills:
 + Level 6.6 Fighting
 + Level 6.4 Polearms
 + Level 6.7 Armour
 + Level 5.4 Dodging
 + Level 2.5 Stealth


You had 7 spell levels left.
You didn't know any spells.
Your spell library contained the following spells:

 Spells                   Type           Power      Damage    Failure   Level
 Animate Skeleton         Necr           0%         N/A       63%         1
 Apportation              Tloc           0%         N/A       63%         1
 Summon Small Mammal      Summ           0%         N/A       63%         1
 Corpse Rot               Necr/Air       0%         N/A       77%         2
 Dispel Undead            Necr           0%         3d6       100%        4
 Death Channel            Necr           0%         N/A       100%        6


Dungeon Overview and Level Annotations

Branches:
Dungeon (5/15)
 Temple: D:4-7

Altars:
Elyvilon

Annotations:
D:3 Jessica, Sigmund
D:5 Duvessa, Eustachio


Innate Abilities, Weirdness & Mutations

You have a pair of horns on your head.
You reflexively headbutt those who attack you in melee.


Message History

You barely miss Duvessa.
Duvessa is lightly wounded.
Duvessa hits you but does no damage.
You hit Duvessa but do no damage. You headbutt Duvessa.
Duvessa is lightly wounded.
Duvessa hits you with a +0 short sword! Duvessa hits you with a +0 short sword!
Duvessa misses you. Duvessa closely misses you.
Duvessa hits you with a +0 short sword. Duvessa hits you but does no damage.
Duvessa hits you with a +0 short sword! Duvessa hits you but does no damage.
Duvessa hits you with a +0 short sword.
You hit Duvessa but do no damage.
Duvessa is lightly wounded.
Duvessa hits you with a +0 short sword!
* * * LOW HITPOINT WARNING * * *
It was a potion of invisibility.
You fade into invisibility!
Duvessa completely misses you. You furiously retaliate!
You headbutt Duvessa, but do no damage. Duvessa barely misses you.
You furiously retaliate!
You headbutt Duvessa! Duvessa barely misses you. Duvessa misses you.
Duvessa closely misses you. Duvessa hits you with a +0 short sword.
* * * LOW HITPOINT WARNING * * *
You see here a stone.
Things that are here:
a +0 dagger; a +0 robe; a stone Duvessa closely misses you.
Duvessa rages.
Duvessa closely misses you. You furiously retaliate!
You headbutt Duvessa.
Duvessa rages.
Duvessa hits you with a +0 short sword!
* * * LOW HITPOINT WARNING * * *
It was a potion of magic.
Magic courses through your body. Duvessa hits you with a +0 short sword!
You die...

#......)...#
#......)...#
############)######
#.....# #..#
#.....#####..#
#.....#......#
#.....#.####.#
#.....#.# #.#
#.....#@# #.#
#......e# #.# #
#......#####.##...#
# ###.#.####......#
# #...#....#.#### #
##..##.####.# #
##..)#..# #.. ##
#..(#..## ##.# #(
#.#.#.## .# ..


You could see Duvessa (berserk).

Vanquished Creatures
  Pikel (D:4)
  A black bear (D:4)
  A phantom (D:4)
  A lemure (D:4)
  A scorpion (D:5)
  Dowan (D:5)
  A bullfrog zombie (D:5)
  A hound (D:4)
  4 orc priests
  An iguana (D:5)
  An orc wizard (D:5)
  A hound skeleton (D:4)
  Robin (D:3)
  6 adders
  3 gnolls (D:5)
  2 ufetubi
  An adder zombie (D:3)
  A worm (D:4)
  2 dart slugs
  8 orcs
  11 endoplasms
  3 giant cockroaches
  11 goblins
  9 hobgoblins
  4 jackals (D:1)
  3 quokkas
  4 ball pythons
  4 bats
  3 frilled lizards (D:1)
  4 kobolds
  3 rats
98 creatures vanquished.

Notes
Turn   | Place    | Note
-------+----------+-------------------------------------------
     0 | D:1      | themarg the Minotaur Monk began the quest for the Orb.
     0 | D:1      | Reached XP level 1. HP: 19/19 MP: 0/0
    75 | D:1      | Reached XP level 2. HP: 27/27 MP: 1/1
   555 | D:1      | Reached XP level 3. HP: 29/33 MP: 2/2
   657 | D:1      | Found a faded altar of an unknown god.
  1335 | D:2      | Reached skill level 1 in Armour
  1377 | D:2      | Reached XP level 4. HP: 41/41 MP: 3/3
  2291 | D:3      | Noticed Sigmund
  2292 | D:3      | Noticed Jessica
  2337 | D:3      | Noticed Robin
  2970 | D:3      | Reached XP level 5. HP: 24/47 MP: 4/4
  3016 | D:3      | Killed Robin
  3017 | D:3      | Reached skill level 5 in Fighting
  3816 | D:3      | Found a white marble altar of Elyvilon.
  4052 | D:4      | Reached skill level 5 in Polearms
  4631 | D:4      | Noticed a phantom
  4656 | D:4      | Killed a phantom
  4657 | D:4      | Reached XP level 6. HP: 51/56 MP: 5/5
  5302 | D:5      | Entered Level 5 of the Dungeon
  5302 | D:5      | Noticed Pikel
  5914 | D:4      | Killed Pikel
  5915 | D:4      | Reached XP level 7. HP: 30/63 MP: 6/6
  6254 | D:5      | Reached skill level 5 in Dodging
  6304 | D:5      | Noticed Duvessa
  6394 | D:5      | Noticed Eustachio
  6476 | D:5      | Noticed Dowan
  6482 | D:5      | HP: 3/63 [ufetubus (1)]
  6508 | D:5      | Reached XP level 8. HP: 7/70 MP: 7/7
  7075 | D:5      | Killed Dowan
  7136 | D:5      | Slain by Duvessa

Illustrated notes

Levels and vault maps discovered:
D:1:      minmay_arrival_three_doors, layout_rooms,
          shapermc_ecumenical_altar_totnotflames, due_unseen_surprise
D:2:      layout_basic, grunt_decor_clamped, kennysheep_generic_room_8
D:3:      layout_basic, nicolae_overflow_squiral, uniq_robin, uniq_jessica,
          uniq_sigmund
D:4:      layout_layer_cave
D:5:      layout_rooms, uniq_pikel, uniq_eustachio, uniq_duvessa

Skill      XL: |  1  2  3  4  5  6  7 |
---------------+----------------------+-----
Fighting       | 4 5 6 |  6.6
Polearms       | 4 5 6 |  6.4
Armour         | 1 3 6 |  6.7
Dodging        | 4 5 |  5.4
Stealth        | 2 |  2.5

Action                   |  1- 3 |  4- 6 |  7- 9 || total
-------------------------+-------+-------+-------++-------
Melee: Spear             |    92 |   197 |    82 ||   371
       Headbutt          |    12 |    42 |    19 ||    73
       Punch             |     1 |     3 |       ||     4
Throw: Dart              |       |     1 |     2 ||     3
       Stone             |       |       |     3 ||     3
  Use: Potion            |       |     1 |     5 ||     6
       Scroll            |       |       |     5 ||     5
 Stab: Sleeping          |     2 |     2 |       ||     4
       Invisible         |       |       |     1 ||     1
Armor: Leather armour    |     6 |       |       ||     6
       Ring mail         |    21 |    72 |    37 ||   130
Dodge: Dodged            |    37 |   129 |    80 ||   246
